 Dungeon Crawl Stone Soup version 0.28.0-45-g0d030f2227 (webtiles) character file.

Game seed: 7637020207498557098

61 nickcage the Cudgeller (level 3, -5/30 (31) HPs)
             Began as a Minotaur Abyssal Knight on Apr 11, 2022.
             Was a Follower of Lugonu.
             Slain by a gnoll
             ... wielding a +0 whip
              (7 damage)
             ... on level 2 of the Dungeon.
             The game lasted 00:03:08 (1801 turns).

nickcage the Cudgeller (Minotaur Abyssal Knight)    Turns: 1801, Time: 00:03:08

HP:   -5/30 (31)    AC:  5    Str: 19    XL:     3   Next: 83%
MP:   3/3           EV: 10    Int:  7    God:    Lugonu [*.....]
Gold: 61            SH:  0    Dex: 10    Spells: 2/2 levels left

rFire   . . .      SeeInvis .   a - +1 mace
rCold   . . .      Faith    .   (no shield)
rNeg    . . .      Spirit   .   h - +0 ring mail
rPois   .          Reflect  .   (helmet restricted)
rElec   .          Harm     .   (no cloak)
rCorr   .          Rampage  .   (no gloves)
Will    .....                   (no boots)
Stlth   ..........              (no amulet)
HPRegen 0.10/turn               (no ring)
MPRegen 0.08/turn               (no ring)

@: lightly drained
A: horns 2, retaliatory headbutt
a: Renounce Religion, Depart the Abyss


You were on level 2 of the Dungeon.
You worshipped Lugonu.
Lugonu was aware of your devotion.
You visited 1 branch of the dungeon, and saw 2 of its levels.
You visited the Abyss 1 time.

You collected 61 gold pieces.

Inventory:

Hand Weapons
 a - a +1 mace (weapon)
Armour
 b - a +0 leather armour
 d - a scarf of shadows
 h - a +0 ring mail (worn)
Scrolls
 c - 2 scrolls of identify {unknown}
 e - a scroll of holy word {unknown}
 k - a scroll of torment {unknown}
 l - a scroll of fog {unknown}
Potions
 f - a potion of invisibility {unknown}
 g - a potion of brilliance {unknown}
 i - a potion of haste {unknown}
 j - a potion of flight {unknown}
 m - a potion of lignification {unknown}


   Skills:
 - Level 3.6 Fighting
 + Level 5.1 Maces & Flails
 - Level 2.4 Armour
 - Level 1.1 Dodging
 - Level 1.7 Invocations


You had 2 spell levels left.
You didn't know any spells.
Your spell library contained the following spells:

 Spells                   Type           Power      Damage    Failure   Level
 Confusing Touch          Hex            0%         N/A       93%         3
 Yara's Violent Unravell  Hex/Tmut       0%         3d3       100%        5
 Enfeeble                 Hex            0%         N/A       100%        7


Dungeon Overview and Level Annotations

Branches:
Dungeon (2/15)

Altars:
Xom


Innate Abilities, Weirdness & Mutations

You have a pair of horns on your head.
You reflexively headbutt those who attack you in melee.


Message History

The gnoll hits you with a +0 spear.
You hit the gnoll but do no damage. Your headbutt misses the gnoll.
The gnoll hits you with a +0 spear.
You closely miss the gnoll. The gnoll hits you with a +0 spear.
You hit the gnoll. Your headbutt misses the gnoll.
The gnoll is moderately wounded.
The gnoll hits you with a +0 spear.
You are too injured to fight recklessly!
You are too injured to fight recklessly!
You are too injured to fight recklessly!
You are too injured to fight recklessly!
You hit the gnoll. You headbutt the gnoll.
The gnoll is severely wounded.
The gnoll misses you. You furiously retaliate!
You headbutt the gnoll. You hit the gnoll.
You kill the gnoll!
Lugonu accepts your kill.
You hit the gnoll.
The gnoll is lightly wounded.
The gnoll barely misses you. You furiously retaliate!
You headbutt the gnoll!
The gnoll hits you with a +1 whip of draining.
You feel drained.
You hit the gnoll but do no damage.
The gnoll is severely wounded.
The gnoll hits you with a +1 whip of draining!
* * * LOW HITPOINT WARNING * * *
You feel drained.
* * * LOW HITPOINT WARNING * * *
You hit the gnoll.
You kill the gnoll!
Lugonu accepts your kill.
Your Maces & Flails skill increases to level 5!
You thump the gnoll!
The gnoll is heavily wounded.
The gnoll closely misses you. You furiously retaliate!
You headbutt the gnoll, but do no damage.
You hit the gnoll but do no damage.
The gnoll is heavily wounded.
The gnoll hits you with a +0 whip!
You die...

##.## #.# #.# #.# ## #..
... .# #.# #.# .# #.#
#.# #.# ..#
#########+############.#
.........#.(....@g.....#
.........#.#############
..####...#.# .## ##..#.#
.# #..#.# .# #..#.# .##
##[.#.# ..####...#.#
.........#.#


You could see a gnoll.

Vanquished Creatures
  An adder (D:2)
  2 gnolls (D:2)
  5 bats
  2 endoplasms (D:2)
  A giant cockroach (D:2)
  3 goblins
  A hobgoblin (D:1)
  2 jackals (D:1)
  3 quokkas
  3 ball pythons
  A frilled lizard (D:1)
  4 kobolds
  2 rats (D:2)
30 creatures vanquished.

Notes
Turn   | Place    | Note
-------+----------+-------------------------------------------
     0 | Abyss:1  | nickcage the Minotaur Abyssal Knight began the quest for
                  | the Orb.
     0 | Abyss:1  | Reached XP level 1. HP: 19/19 MP: 1/1
     0 | D:1      | Escaped the Abyss
   178 | D:1      | Reached skill level 3 in Maces & Flails
   187 | D:1      | Reached * piety under Lugonu
   320 | D:1      | Reached XP level 2. HP: 22/26 MP: 2/2
   794 | D:1      | You fall into a shaft and drop 1 floor!
  1173 | D:2      | Reached skill level 4 in Maces & Flails
  1306 | D:2      | Found a faded altar of an unknown god.
  1336 | D:2      | Reached XP level 3. HP: 25/31 MP: 3/3
  1521 | D:2      | Found a shimmering altar of Xom.
  1798 | D:2      | HP: 1/29 [gnoll/+1 whip of draining (1)]
  1800 | D:2      | Reached skill level 5 in Maces & Flails
  1801 | D:2      | Slain by a gnoll

Illustrated notes

Levels and vault maps discovered:
D:1:      saegor_arrival_fortress, layout_loops_ring, minivault_26
D:2:      layout_loops_ring, basic_altar, hellmonk_ecumenical_altar_zigzags,
          kennysheep_pointless_box

Skill      XL: |  1  2  3 |
---------------+----------+-----
Maces & Flails | 3 4 5 |  5.1
Fighting       | |  3.6
Armour         | |  2.4
Dodging        | |  1.1
Invocations    | |  1.7

Action                   || total
-------------------------++-------
Melee: Mace              ||    58
       Headbutt          ||     5
Invok: Depart the Abyss  ||     1
Armor: Leather armour    ||     6
       Ring mail         ||     7
Dodge: Dodged            ||    38
